 Dungeon Crawl Stone Soup version 0.24-a0-464-g6b2be6b8c7 (webtiles) character file.

Game seed: 17310474841901839457

0 Gargoyl the Skirmisher (level 1, -7/19 HPs)
             Began as a Centaur Abyssal Knight on July 4, 2019.
             Was a Follower of Lugonu.
             Killed from afar by a raiju (12 damage)
             ... with a living lightning
             ... on level 1 of the Abyss.
             The game lasted 00:00:26 (134 turns).

Gargoyl the Skirmisher (Centaur Abyssal Knight)      Turns: 134, Time: 00:00:27

Health: -7/19      AC:  8    Str: 14    XL:     1   Next: 0%
Magic:  2/2        EV:  1    Int: 11    God:    Lugonu [*.....]
Gold:   0          SH:  0    Dex:  8    Spells: 0/0 levels left

rFire    . . .     SeeInvis .   a - +1 hand axe
rCold    . . .     Gourm    .   (no shield)
rNeg     . . .     Faith    .   e - +0 plate armour
rPois    .         Spirit   .   (no helmet)
rElec    .         Reflect  .   (no cloak)
rCorr    .         Harm     .   (no gloves)
MR       .....                  (no barding)
Stlth    ..........             d - amulet of inaccuracy (curse)
HPRegen  0.06/turn              (no ring)
MPRegen  0.08/turn              (no ring)

@: very quick
A: large, hooves 3, deformed body, speed 2, tough skin 3
a: Depart the Abyss, Renounce Religion


You were on level 1 of the Abyss.
You worshipped Lugonu.
Lugonu was aware of your devotion.
You were not hungry.

You visited 0 branches of the dungeon, and saw 0 of its levels.
You visited the Abyss 1 time.

Inventory:

Hand Weapons
 a - a +1 hand axe (weapon)
Armour
 e - a +0 plate armour (worn)
Jewellery
 b - an uncursed amulet of the acrobat {unknown}
 d - a cursed amulet of inaccuracy (around neck)
Comestibles
 c - a ration


   Skills:
 + Level 3.0 Fighting
 + Level 1.7 Axes
 + Level 1.3 Armour
 + Level 0.6 Dodging
 + Level 2.0 Invocations


You couldn't memorise any spells.
You didn't know any spells.
Your spell library was empty.

Dungeon Overview and Level Annotations

Branches:
Dungeon (0/15)

Altars:


Innate Abilities, Weirdness & Mutations

You have hooves in place of feet.
Armour fits poorly on your strangely shaped body.
You cover ground very quickly.
You have extremely tough skin. (AC +3)


Message History

* * * LOW HITPOINT WARNING * * *
The starspawn tentacle constricts you.
The quasit bites you but does no damage.
The quasit claws you but does no damage. x2
The starspawn tentacle loses its grip on you.
The tentacle pulls you backwards!
The bone dragon moves out of view.
Unknown command.
The raiju pauses to sniff the ground.
The raiju bites you but does no damage.
A tentacle flies out from the starspawn's body!
The raiju bites you but does no damage.
A starspawn tentacle comes into view.
Unknown command.
Found a small peridot amulet.
You see here a small peridot amulet.
b - a small peridot amulet The raiju bursts into living lightning!
The living lightning hits you!
Ouch! That really hurt!
You die...

. # # #. .# .# # # ## §#
. ..###
##§#§##.#.##.####
..#.###.#...####.#....
.# . ..#.....#.....# ###
. ###...###.@.##
.#../..#.....#D....#..
.. /.......45..........
..X..........h..........
.... ...................
. ....#.....#.....#....
## ...###...###...###...
# ... #.....#.....# ...
.. ..................


You could see a bone dragon, a raiju, a chaos spawn and a quasit.

Vanquished Creatures (others)
  4 starspawn tentacles (Abyss:1)
4 creatures vanquished.

Notes
Turn   | Place    | Note
-------+----------+-------------------------------------------
     0 | Abyss:1  | Gargoyl the Centaur Abyssal Knight began the quest for the
                  | Orb.
     0 | Abyss:1  | Reached XP level 1. HP: 19/19 MP: 2/2
    85 | Abyss:1  | Noticed a neqoxec
    88 | Abyss:1  | Noticed a neqoxec
    90 | Abyss:1  | Noticed a crimson imp
    90 | Abyss:1  | Noticed an iron imp
   101 | Abyss:1  | Noticed a quasit
   110 | Abyss:1  | Noticed a chaos spawn
   110 | Abyss:1  | Noticed a tentacled starspawn
   119 | Abyss:1  | Noticed a raiju
   123 | Abyss:1  | Noticed a bone dragon
   134 | Abyss:1  | Killed from afar by a raiju

Levels and vault maps discovered:
Abyss:1:  hangedman_stitches_earthworm

Action                   || total
-------------------------++-------
Melee: Hand axe          ||     1
Armor: Plate armour      ||     5

Table legend:
 A = Non-vault XP
 B = Vault XP
 C = Vault XP percentage of total XP
 D = Non-vault monster count
 E = Vault monster count
 F = Vault count percentage of total count
                 A         B        C        D         E       F
            +---------+---------+-------+---------+---------+-------
      Total |       0 |       0 |   N/A |       0 |       0 |  -nan
            +---------+---------+-------+---------+---------+-------
            +---------+---------+-------+---------+---------+-------
